 Dungeon Crawl Stone Soup version 0.31-a0-819-gf6de2f5ab6 (webtiles) character file.

Game seed: 734431259797407616

1748 qw the Skirmisher (level 9, 0/55 HPs)
             Began as a Gargoyle Hunter on Sept 23, 2023.
             Slain by an orc warrior
             ... wielding a +0 glaive
              (5 damage)
             ... on level 7 of the Dungeon.
             The game lasted 00:02:40 (5997 turns).

qw the Skirmisher (Gargoyle Hunter)                 Turns: 5997, Time: 00:02:41

Health: 0/55       AC: 15    Str: 14    XL:     9   Next: 6%
Magic:  9/9        EV: 12    Int: 11    God:
Gold:   361        SH:  0    Dex: 23    Spells: 8/8 levels left

rFire   . . .        Y - +1 shortbow
rCold   . . .        (shield currently unavailable)
rNeg    + . .        f - +0 ring mail
rPois   inf          l - +2 helmet
rElec   +            (no cloak)
rCorr   .            (no gloves)
SInv    .            (no boots)
Will    .....        (no amulet)
Stlth   ++           d - +6 ring of dexterity
HPRegen 0.29/turn    (no ring)
MPRegen 0.11/turn

%: no passive effects
@: no status effects
A: sickness immunity, AC +6, negative energy resistance 1, electricity
resistance, torment resistance 1, petrification resistance
a: no special abilities


You were on level 7 of the Dungeon.
You visited 2 branches of the dungeon, and saw 8 of its levels.
You also visited: Ossuary.

You collected 361 gold pieces.


Innate Abilities, Weirdness & Mutations

You are immune to sickness and miasma.
Your stone body is resilient. (AC +6)
You are immune to poison.
You resist negative energy. (rN+)
You are resistant to electric shocks. (rElec)
You are resistant to unholy torment.
You are immune to petrification.


   Skills:
 - Level 6.0 Fighting
 + Level 9.9 Ranged Weapons
 - Level 3.1 Armour
 - Level 3.1 Dodging
 - Level 1.1 Stealth


You had 8 spell levels left.
You didn't know any spells.
Your spell library was empty.

Inventory:

Hand Weapons
 Y - a +1 shortbow (weapon)
Armour
 f - a +0 ring mail (worn)
 l - a +2 helmet (worn)
Jewellery
 d - a +6 ring of dexterity (left hand)
Scrolls
 j - a scroll of identify
Potions
 b - 3 potions of curing
 e - 2 potions of might
 g - a potion of resistance
 h - 3 potions of enlightenment
 i - a potion of attraction {unknown}
 k - a potion of magic {unknown}
 m - a potion of haste
 n - a potion of cancellation

Dungeon Overview and Level Annotations

Branches:
Dungeon (7/15)             Temple (1/1) D:5         Ossuary (visited)

Altars:
Ashenzari
Cheibriados
Dithmenos
Elyvilon
Fedhas
Hepliaklqana
Kikubaaqudgha
Nemelex Xobeh
Qazlal
Ru
Sif Muna
Trog
Uskayaw
Vehumet
Xom
Yredelemnul
Zin
The Shining One

Annotations:
D:4 exclusion: hound
D:6 2 transporters


Message History

The arrow barely misses the orc warrior.
You shoot an arrow. The arrow hits the orc warrior.
The orc warrior is lightly wounded.
You shoot an arrow.
The arrow barely misses the orc warrior.
You shoot an arrow. The arrow hits the orc warrior!
The orc warrior is severely wounded.
The orc warrior barely misses you.
You shoot an arrow. The arrow hits the orc warrior.
The orc warrior is severely wounded.
The orc warrior hits you from afar with a +0 glaive!
You shoot an arrow. The arrow closely misses the orc.
The orc warrior hits you from afar with a +0 glaive.
The orc hits you but does no damage.
You shoot an arrow. The arrow hits the orc.
The orc is heavily wounded.
The orc warrior hits you from afar with a +0 glaive!
The orc misses you.
You shoot an arrow. The arrow closely misses the orc.
The orc warrior hits you from afar with a +0 glaive!
The orc hits you but does no damage. x2
You shoot an arrow. The arrow barely misses the orc.
The orc warrior hits you from afar with a +0 glaive!
The orc barely misses you.
You shoot an arrow. The arrow closely misses the orc.
The orc warrior closely misses you. The orc misses you.
The orc hits you with a +0 flail.
You shoot an arrow. The arrow closely misses the orc.
The orc hits you but does no damage. The orc warrior barely misses you.
You shoot an arrow. The arrow hits the orc!
You kill the orc!
The orc warrior hits you from afar with a +0 glaive.
The orc barely misses you.
You shoot an arrow. The arrow hits the orc.
The orc is heavily wounded.
The orc warrior barely misses you. The orc hits you but does no damage.
You shoot an arrow. The arrow closely misses the orc.
The arrow closely misses the orc warrior.
The orc warrior hits you from afar with a +0 glaive.
You die...

###########....)##+
................).. +
................)(. ..
................... ..
...................
#'####+###'##......###
..#........)..#......#..
..'...........+......#..
..#..##@####..#......###
# #)o# ######.......
#..o. #....... +......
#....... #........
#....... ######...
#......Y ### ##.....#
#.....+ #.....#


You could see an orc warrior and an orc.

Vanquished Creatures
  A steam dragon (D:6)
  Menkaure (D:7)
  A sky beast (D:7)
  2 kobold brigands
  3 bullfrogs
  2 scorpions (D:5)
  5 wights (D:6)
  5 killer bees (D:6)
  A howler monkey (D:6)
  A centaur zombie (Ossuary)
  3 hounds
  An orc priest (D:5)
  3 iguanas
  6 mummies
  4 adders
  A shadow imp (D:6)
  A white imp (D:5)
  An ufetubus (D:6)
  2 worms (D:2)
  2 dart slugs
  17 orcs
  3 bats
  7 endoplasms
  8 goblins
  12 hobgoblins
  3 jackals (D:3)
  A quokka (D:4)
  7 ball pythons
  2 frilled lizards (D:1)
  3 goblin zombies (Ossuary)
  22 kobolds
  2 kobold zombies (Ossuary)
  2 orc zombies (Ossuary)
  3 rats (D:1)
138 creatures vanquished.

Vanquished Creatures (others)
  A giant cockroach (D:1)
1 creature vanquished.

Grand Total: 139 creatures vanquished

Notes
Turn   | Place    | Note
-------+----------+-------------------------------------------
     0 | D:1      | qw the Gargoyle Hunter began the quest for the Orb.
     0 | D:1      | Reached XP level 1. HP: 12/12 MP: 1/1
     0 | D:1      | 0 ||| qw: Version: 0.3-a-83-gcd0e7d8
     0 | D:1      | 0 ||| qw: Game counter: 1683
     0 | D:1      | 0 ||| qw: Melee chars always use a shield: true
     0 | D:1      | 0 ||| qw: God list: Okawaru
     0 | D:1      | 0 ||| qw: Allow faded altars: false
     0 | D:1      | 0 ||| qw: Do Orc after clearing Dungeon:15 true
     0 | D:1      | 0 ||| qw: Do second Lair branch before Depths: true
     0 | D:1      | 0 ||| qw: Lair rune preference: random
     0 | D:1      | 0 ||| qw: Goals: Normal
     0 | D:1      | 0 ||| PLANNING D:1-11
   118 | D:1      | Reached XP level 2. HP: 17/17 MP: 2/2
   553 | D:1      | 553 ||| READING 2 scrolls labelled BURAIS UFEIKHA.
   556 | D:1      | 556 ||| READING scroll labelled ZOALO FIWOMI.
   557 | D:1      | 557 ||| READING 3 scrolls labelled ORCHIH DICU.
   558 | D:1      | 558 ||| READING scroll labelled ZOSELI SARYFE.
   559 | D:1      | 559 ||| DRINKING 2 fuming cyan potions.
   560 | D:1      | 560 ||| READING 2 scrolls of identify.
   560 | D:1      | 560 ||| IDENTIFYING orange potion
   561 | D:1      | 561 ||| DROPPING scroll of butterflies.
   687 | D:2      | Reached XP level 3. HP: 20/21 MP: 3/3
   816 | D:2      | Reached skill level 5 in Ranged Weapons
  1108 | D:2      | Reached skill level 3 in Fighting
  1214 | D:2      | 1214 ||| DROPPING amulet of magic regeneration.
  1215 | D:2      | 1215 ||| READING scroll labelled BUPSEU ANYTILU.
  1216 | D:2      | 1216 ||| READING 3 scrolls labelled NIGUTY QUDIGI.
  1217 | D:2      | 1217 ||| DRINKING 3 clear potions.
  1218 | D:2      | 1218 ||| DROPPING 2 scrolls of revelation.
  1388 | D:3      | Reached XP level 4. HP: 28/28 MP: 4/4
  1958 | D:4      | Reached XP level 5. HP: 21/32 MP: 5/5
  1958 | D:4      | 1958 ||| STAIRDANCE
  2506 | D:4      | Reached skill level 6 in Ranged Weapons
  2941 | D:4      | Found a glowing golden altar of the Shining One.
  3010 | D:4      | 3010 ||| READING 2 scrolls labelled ILOINT DYSENIE.
  3011 | D:4      | 3011 ||| DRINKING 3 glowing dark potions.
  3012 | D:4      | 3012 ||| DRINKING 2 fuming ruby potions.
  3017 | D:4      | 3017 ||| DROPPING 2 potions of degeneration.
  3018 | D:4      | 3018 ||| DROPPING scroll of fog.
  3038 | D:4      | 3038 ||| DROPPING potion of brilliance.
  3044 | D:5      | Entered Level 5 of the Dungeon
  3084 | D:5      | Reached XP level 6. HP: 34/38 MP: 6/6
  3260 | D:5      | Identified the +5 short sword "Obutarr" {speed, rElec
                  | Int+3}
  3413 | D:5      | Found a staircase to the Ecumenical Temple.
  3414 | D:5      | 3414 ||| PLANNING TEMPLE
  3415 | D:5      | 3415 ||| FLEEEEING.
  3416 | D:5      | 3416 ||| FLEEEEING.
  3417 | D:5      | 3417 ||| FLEEEEING.
  3418 | D:5      | 3418 ||| FLEEEEING.
  3419 | D:5      | 3419 ||| FLEEEEING.
  3430 | D:5      | 3430 ||| FLEEEEING.
  3431 | D:5      | 3431 ||| FLEEEEING.
  3432 | D:5      | 3432 ||| FLEEEEING.
  3433 | D:5      | 3433 ||| FLEEEEING.
  3446 | D:5      | 3446 ||| FLEEEEING.
  3447 | D:5      | 3447 ||| FLEEEEING.
  3448 | D:5      | 3448 ||| FLEEEEING.
  3449 | D:5      | 3449 ||| FLEEEEING.
  3450 | D:5      | 3450 ||| FLEEEEING.
  3451 | D:5      | 3451 ||| FLEEEEING.
  3452 | D:5      | 3452 ||| FLEEEEING.
  3453 | D:5      | 3453 ||| FLEEEEING.
  3456 | D:5      | 3456 ||| STAIRDANCE
  3529 | D:4      | 3529 ||| READING scroll labelled DACO FIEDIUDUL.
  3545 | D:5      | 3545 ||| STAIRDANCE
  3634 | D:5      | Reached skill level 7 in Ranged Weapons
  3680 | Temple   | Entered the Ecumenical Temple
  3681 | Temple   | 3681 ||| PLANNING D:1-11
  3772 | D:5      | Reached XP level 7. HP: 37/43 MP: 7/7
  3947 | D:5      | Found a hazy altar of Hepliaklqana.
  4093 | D:5      | 4093 ||| READING 2 scrolls of identify.
  4093 | D:5      | 4093 ||| IDENTIFYING dark potion
  4105 | D:6      | 4105 ||| PLANNING OSSUARY
  4188 | D:6      | Reached skill level 8 in Ranged Weapons
  4194 | D:6      | 4194 ||| FLEEEEING.
  4195 | D:6      | 4195 ||| FLEEEEING.
  4196 | D:6      | 4196 ||| FLEEEEING.
  4198 | D:6      | 4198 ||| FLEEEEING.
  4199 | D:6      | 4199 ||| FLEEEEING.
  4202 | D:6      | 4202 ||| FLEEEEING.
  4203 | D:6      | 4203 ||| FLEEEEING.
  4204 | D:6      | 4204 ||| FLEEEEING.
  4205 | D:6      | 4205 ||| FLEEEEING.
  4206 | D:6      | 4206 ||| FLEEEEING.
  4207 | D:6      | 4207 ||| FLEEEEING.
  4208 | D:6      | 4208 ||| FLEEEEING.
  4209 | D:6      | 4209 ||| STAIRDANCE
  4249 | D:5      | 4249 ||| DRINKING 2 sedimented blue potions.
  4257 | D:6      | HP: 8/43 [wight/+4 falchion of freezing (4)]
  4258 | D:6      | 4258 ||| READING 2 scrolls of teleportation.
  4259 | D:6      | 4259 ||| DRINKING 2 potions of heal wounds.
  4310 | D:6      | 4310 ||| Stepping ~*~*~tactically~*~*~ (retreating).
  4317 | D:6      | Reached skill level 1 in Armour
  4376 | D:6      | Noticed a steam dragon
  4386 | D:6      | Killed a steam dragon
  4387 | D:6      | 4387 ||| Stepping ~*~*~tactically~*~*~ (cloud).
  4513 | D:6      | Reached XP level 8. HP: 42/49 MP: 8/8
  4520 | D:6      | 4520 ||| Stepping ~*~*~tactically~*~*~ (retreating).
  4521 | D:6      | 4521 ||| Stepping ~*~*~tactically~*~*~ (retreating).
  4533 | D:6      | HP: 10/49 [killer bee (3)]
  4534 | D:6      | 4534 ||| READING scroll of teleportation.
  4535 | D:6      | 4535 ||| DRINKING potion of heal wounds.
  4635 | D:6      | Found a sand-covered staircase.
  4636 | D:6      | 4636 ||| UPGRADING to +6 ring of dexterity.
  4643 | D:6      | 4643 ||| UPGRADING to +2 helmet.
  4649 | Ossuary  | Entered an ossuary
  4911 | Ossuary  | 4911 ||| DRINKING 2 metallic grey potions.
  4912 | Ossuary  | 4912 ||| DRINKING 2 fuming puce potions.
  4913 | Ossuary  | 4913 ||| READING 3 scrolls of identify.
  4913 | Ossuary  | 4913 ||| IDENTIFYING bubbling sapphire potion
  4914 | Ossuary  | 4914 ||| READING 2 scrolls of identify.
  4914 | Ossuary  | 4914 ||| IDENTIFYING bubbling inky potion
  4915 | Ossuary  | 4915 ||| DROPPING potion of ambrosia.
  4916 | Ossuary  | 4916 ||| DROPPING potion of invisibility.
  4932 | D:6      | 4932 ||| PLANNING D:1-11
  4980 | D:6      | Reached skill level 9 in Ranged Weapons
  5055 | D:6      | Found a transporter.
  5060 | D:6      | Noticed a kobold demonologist
  5078 | D:6      | Reached skill level 3 in Dodging
  5164 | D:6      | HP: 8/49 [killer bee (7)]
  5165 | D:6      | 5165 ||| READING scroll of teleportation.
  5330 | D:6      | Found a transporter.
  5452 | D:6      | HP: 10/51 [wight/+4 great sword (6)]
  5454 | D:6      | Reached skill level 6 in Fighting
  5521 | D:6      | 5521 ||| FLEEEEING.
  5522 | D:6      | 5522 ||| FLEEEEING.
  5812 | D:6      | 5812 ||| UPGRADING to +0 ring mail.
  5822 | D:6      | 5822 ||| DROPPING +0 leather armour.
  5823 | D:6      | 5823 ||| READING scroll labelled QIHOMU GEMAEGE.
  5864 | D:7      | Noticed Menkaure
  5870 | D:7      | Killed Menkaure
  5871 | D:7      | Reached skill level 3 in Armour
  5872 | D:7      | 5872 ||| FLEEEEING.
  5873 | D:7      | 5873 ||| FLEEEEING.
  5874 | D:7      | 5874 ||| FLEEEEING.
  5875 | D:7      | 5875 ||| FLEEEEING.
  5876 | D:7      | 5876 ||| FLEEEEING.
  5877 | D:7      | 5877 ||| FLEEEEING.
  5878 | D:7      | 5878 ||| FLEEEEING.
  5879 | D:7      | 5879 ||| FLEEEEING.
  5885 | D:7      | Reached XP level 9. HP: 43/55 MP: 9/9
  5886 | D:7      | 5886 ||| FLEEEEING.
  5888 | D:7      | 5888 ||| FLEEEEING.
  5895 | D:7      | 5895 ||| STAIRDANCE
  5992 | D:7      | HP: 10/55 [orc warrior/+0 glaive (7)]
  5997 | D:7      | Slain by an orc warrior

Levels and vault maps discovered:
D:1:      wheals_arrival_shading, layout_rooms, lemuel_flame_loot_1
D:2:      layout_loops_ring
D:3:      layout_loops_ring
D:4:      layout_loops_corners, mainiacjoe_overflow_concentric_impassable
D:5:      layout_basic, nicolae_hepliaklqana_hippocampus,
          minmay_temple_entry_proselytizer
D:6:      gammafunk_wand_slinger, layout_loops_ring, gup_ossuary_entry_pyramid
D:7:      layout_gridville, uniq_jeremiah, uniq_pikel, uniq_menkaure
Temple:   nicolae_temple_elliptical

Skill      XL: |  1  2  3  4  5  6  7  8 |
---------------+-------------------------+-----
Ranged Weapons | 5 6 7 8 9 |  9.9
Fighting       | 3 4 5 6 |  6.0
Armour         | 1 3 |  3.1
Dodging        | 2 3 |  3.1
Stealth        | |  1.1

Action                     |  1- 3 |  4- 6 |  7- 9 || total
---------------------------+-------+-------+-------++-------
   Fire: Shortbow          |   113 |   191 |   322 ||   626
    Use: Scroll            |     7 |     2 |     7 ||    16
         Potion            |     2 |     2 |     5 ||     9
 Armour: Leather armour    |    17 |    60 |   163 ||   240
         Ring mail         |       |       |    22 ||    22
  Dodge: Dodged            |    27 |    59 |   163 ||   249

Table legend:
 A = Non-vault XP
 B = Vault XP
 C = Vault XP percentage of total XP
 D = Non-vault monster count
 E = Vault monster count
 F = Vault count percentage of total count
                 A         B        C        D         E       F
            +---------+---------+-------+---------+---------+-------
      Total |    2125 |     373 |  14.9 |     123 |      16 |  11.5
            +---------+---------+-------+---------+---------+-------
        D:1 |      28 |       0 |   0.0 |      18 |       0 |   0.0
        D:2 |      43 |       0 |   0.0 |      15 |       0 |   0.0
        D:3 |      62 |       0 |   0.0 |      24 |       0 |   0.0
        D:4 |     158 |       0 |   0.0 |      15 |       0 |   0.0
        D:5 |     360 |      41 |  10.2 |      10 |       1 |   9.1
        D:6 |    1298 |      16 |   1.2 |      30 |       1 |   3.2
        D:7 |     176 |     172 |  49.4 |      11 |       1 |   8.3
    Ossuary |       0 |     144 | 100.0 |       0 |      13 | 100.0
            +---------+---------+-------+---------+---------+-------
